 Dungeon Crawl Stone Soup version 0.28-a0-1622-gc30f734a66 (webtiles) character file.

Game seed: 7092558090746488549

1928 GordonOverkill the Caller (level 8, -1/42 HPs)
             Began as a Spriggan Summoner on Jan 23, 2022.
             Was an Initiate of Sif Muna.
             Shot with an arrow by a centaur (11 damage)
             ... on level 6 of the Dungeon.
             The game lasted 00:43:49 (8448 turns).

GordonOverkill the Caller (Spriggan Summoner)       Turns: 8448, Time: 00:43:50

Health: -1/42      AC:  4    Str: 13    XL:     8   Next: 96%
Magic:  9/16       EV: 17    Int: 18    God:    Sif Muna [......]
Gold:   233        SH:  0    Dex: 16    Spells: 10/17 levels left

rFire   . . .      SeeInvis +   n - +8 short sword "Pugi" {venom, Str+3}
rCold   . . .      Faith    .   (no shield)
rNeg    . . .      Spirit   .   a - +0 robe
rPois   .          Reflect  .   (helmet restricted)
rElec   .          Harm     .   i - +1 cloak
rCorr   +          Rampage  .   (gloves unavailable)
Will    +....                   (boots unavailable)
Stlth   ++........              e - amulet of magic regeneration
HPRegen 0.14/turn               b - ring of resist corrosion
MPRegen 0.55/turn               d - +6 ring of strength

@: very slightly contaminated, very quick
A: very small, no large weapons, unfitting armour, see invisible, speed 3
a: Renounce Religion


You were on level 6 of the Dungeon.
You worshipped Sif Muna.
Sif Muna was noncommittal.
You visited 2 branches of the dungeon, and saw 7 of its levels.

You collected 233 gold pieces.

Inventory:

Hand Weapons
 n - the +8 short sword "Pugi" (weapon) {venom, Str+3}
   (You found it on level 3 of the Dungeon)

   It poisons the flesh of those it strikes.
   Str:       It affects your strength (+3).
Missiles
 f - a throwing net
Armour
 a - a +0 robe (worn)
 i - a +1 cloak (worn)
Jewellery
 b - a ring of resist corrosion (left hand)
 d - a +6 ring of strength (right hand)
 e - an amulet of magic regeneration (around neck)
Wands
 p - a wand of polymorph (7)
Scrolls
 c - 2 scrolls of teleportation
 h - a scroll of amnesia {unknown}
 k - 2 scrolls of fear
 m - a scroll of vulnerability
 o - a scroll of blinking {unknown}
Potions
 g - 2 potions of curing
 j - 2 potions of might
 l - a potion of haste
 q - a potion of resistance
 r - a potion of attraction {unknown}


   Skills:
 + Level 4.7 Fighting
 - Level 5.0 Short Blades
 - Level 3.0 Dodging
 - Level 3.0 Stealth
 - Level 5.0 Spellcasting
 + Level 5.8 Summonings
 - Level 4.0 Air Magic
 - Level 3.0 Invocations


You had 10 spell levels left.
You knew the following spells:

 Your Spells              Type           Power      Damage    Failure   Level
a - Summon Small Mammal   Summ           100%       N/A       1%          1
b - Call Imp              Summ           25%        N/A       1%          2
c - Summon Lightning Spi  Summ/Air       22%        N/A       17%         4

Your spell library contained the following spells:

 Spells                   Type           Power      Damage    Failure   Level
 Call Canine Familiar     Summ           25%        N/A       3%          3
 Summon Guardian Golem    Hex/Summ       15%        N/A       12%         3
 Magic Dart               Conj           16%        1d3       13%         1
 Blink                    Tloc           8%         N/A       21%         2
 Searing Ray              Conj           8%         2d4       21%         2
 Mephitic Cloud           Conj/Pois/Air  9%         N/A       24%         3
 Dazzling Flash           Conj/Hex       8%         N/A       36%         3
 Fulminant Prism          Conj/Hex       2%         3d6       78%         4
 Leda's Liquefaction      Hex/Erth       2%         N/A       78%         4
 Silence                  Hex/Air        5%         N/A       85%         5
 Agony                    Necr           4%         N/A       98%         5
 Lee's Rapid Deconstruct  Erth           2%         3d5*      98%         5
 Manifold Assault         Tloc           4%         N/A       98%         5
 Statue Form              Tmut/Erth      2%         N/A       100%        6
 Storm Form               Tmut/Air       5%         N/A       100%        7


Dungeon Overview and Level Annotations

Branches:
Dungeon (6/15)             Temple (1/1) D:5

Altars:
Cheibriados
Hepliaklqana
Makhleb
Nemelex Xobeh
Sif Muna
Vehumet
Wu Jian
Xom
Yredelemnul
Zin

Shops:
D:2 [

Annotations:
D:3 erthbison's ghost, amateur GrFi


Innate Abilities, Weirdness & Mutations

You are very small and have problems with some larger weapons.
You are too small for most types of armour.
You have supernaturally acute eyesight. (SInv)
You cover ground extremely quickly. (Speed+++)


Message History

You swap places.
A centaur comes into view. It is wielding a +0 shortbow.
Your lightning spire shoots out a bolt of lightning at the centaur!
The bolt of electricity hits your bat!
Your bat dies!
Your bat's corpse disappears in a puff of smoke!
The bolt of electricity hits the centaur!
Casting: Summon Small Mammal (safe; 1% risk of failure)
Confirm with . or Enter, or press ? or * to list all spells.
A beastly little devil appears in a puff of flame.
Your crimson imp disappears in a puff of smoke!
The centaur shoots an arrow.
The arrow hits you!
The centaur shoots an arrow.
The arrow closely misses you. What are your orders? t - Shout!
Orders for allies: a - Attack new target. r - Retreat! s - Stop attacking. g - Guard the area. f - Follow me.
Anything else - Cancel.
Gang up on whom?
Press: ? - help, Dir - move target, f - centaur
Aim: a centaur, wielding a +0 shortbow and quivering arrows (moderately wounded, ally target) Attack!
The centaur shoots an arrow.
The arrow hits you.
* * * LOW HITPOINT WARNING * * *
Your lightning spire shoots out a bolt of lightning at the centaur!
The bolt of electricity hits the centaur!
The centaur shoots an arrow.
The arrow hits your lightning spire!
The centaur shoots an arrow.
The arrow hits your lightning spire but does no damage.
Okay, then.
The centaur shoots an arrow.
The arrow hits your lightning spire!
Your lightning spire is destroyed!
Your lightning spire disappears in a puff of smoke!
Casting: Call Imp (safe; 1% risk of failure)
Confirm with . or Enter, or press ? or * to list all spells.
The spell is quite dangerous to miscast (17% risk of failure)!
Continue anyway?
You miscast Summon Lightning Spire.
You feel a sudden electric shock!
* * * LOW HITPOINT WARNING * * *
The centaur shoots an arrow.
The arrow hits you!
You die...

..)............
##.#)......##.# .#
##.##.....## .. .#
##.##.##### .# # ##....#
.### .. ..#..##
####...#..#
#...##########.§......##
...)..........§§†.......
#..(......####..@.......
#.##...##...............
#.####.##...........5.c.
#.....)...####(#####....
......).### ..# ###
.#####...####.##
...###.#).....##
##.##.....)....####
..........##.......


You could see a centaur (ally target) and a friendly crimson imp (summoned).

Vanquished Creatures
  Sigmund (D:5)
  3 vampire mosquitoes
  A water moccasin (D:5)
  A bullfrog (D:6)
  2 scorpions
  A centaur skeleton (D:4)
  A bullfrog skeleton (D:5)
  An iguana (D:5)
  2 orc wizards (D:6)
  A scorpion zombie (D:3)
  4 adders
  An ufetubus (D:4)
  An adder skeleton (D:4)
  A worm (D:4)
  2 dart slugs
  2 orcs (D:4)
  3 bats
  3 endoplasms
  A goblin (D:4)
  4 hobgoblins
  3 kobolds (D:4)
  2 ball pythons
  2 frilled lizards
  3 rats
46 creatures vanquished.

Vanquished Creatures (collateral kills)
  A vampire mosquito (D:3)
  An ogre (D:5)
  3 scorpions
  4 wights (D:6)
  A nameless horror (D:5)
  2 bullfrog zombies
  A centaur zombie (D:5)
  2 orc priests (D:6)
  A jelly (D:5)
  An orc wizard (D:6)
  4 adders
  An adder skeleton (D:4)
  An adder zombie (D:3)
  A dart slug (D:1)
  9 orcs
  A bat (D:3)
  6 endoplasms
  4 goblins
  4 hobgoblins
  A quokka (D:3)
  2 frilled lizards
  7 kobolds
58 creatures vanquished.

Vanquished Creatures (others)
  A plant (D:5)
1 creature vanquished.

Grand Total: 105 creatures vanquished

Notes
Turn   | Place    | Note
-------+----------+-------------------------------------------
     0 | D:1      | GordonOverkill the Spriggan Summoner began the quest for
                  | the Orb.
     0 | D:1      | Reached XP level 1. HP: 9/9 MP: 5/5
   355 | D:1      | Reached XP level 2. HP: 13/14 MP: 2/6
   396 | D:1      | Learned a level 2 spell: Call Imp
  1125 | D:2      | Reached skill level 1 in Fighting
  1215 | D:2      | Found a faded altar of an unknown god.
  1354 | D:2      | Found Code's Antique Armour Shop.
  1958 | D:2      | Reached XP level 3. HP: 18/18 MP: 4/8
  2606 | D:3      | Found a hazy altar of Hepliaklqana.
  3037 | D:3      | Found a sparkling altar of Nemelex Xobeh.
  3075 | D:3      | Reached XP level 4. HP: 22/22 MP: 6/10
  3287 | D:3      | Learned a level 4 spell: Summon Lightning Spire
  3446 | D:3      | Found a runed translucent gate.
  3446 | D:3      | Found a runed translucent gate.
  3446 | D:3      | Found a runed translucent gate.
  3446 | D:3      | Noticed erthbison's ghost (amateur GrFi)
  3448 | D:3      | Found a basalt altar of Yredelemnul.
  3522 | D:3      | Reached skill level 1 in Air Magic
  3941 | D:3      | Found a glowing silver altar of Zin.
  3941 | D:3      | Noticed an angel
  4264 | D:3      | Identified the +8 short sword "Pugi" {venom, Str+3}
  4374 | D:4      | Noticed a scorpion
  4443 | D:4      | Killed a scorpion
  4444 | D:4      | Reached XP level 5. HP: 26/26 MP: 1/12
  4448 | D:4      | Reached skill level 1 in Short Blades
  4956 | D:4      | Reached XP level 6. HP: 25/30 MP: 2/13
  5767 | D:5      | Entered Level 5 of the Dungeon
  5825 | D:5      | Found a staircase to the Ecumenical Temple.
  6023 | D:5      | Noticed a water moccasin
  6053 | D:5      | Killed a water moccasin
  6054 | D:5      | Reached skill level 5 in Spellcasting
  6054 | D:5      | Reached XP level 7. HP: 35/35 MP: 15/15
  6389 | D:5      | Noticed a vampire mosquito
  6513 | D:5      | Killed a vampire mosquito
  6605 | D:5      | Noticed a vampire mosquito
  6607 | D:5      | Noticed a vampire mosquito
  6607 | D:5      | Noticed a vampire mosquito
  6677 | Temple   | Entered the Ecumenical Temple
  6700 | Temple   | Became a worshipper of Sif Muna the Loreminder
  6935 | D:3      | Killed a vampire mosquito
  7416 | D:4      | Killed a vampire mosquito
  7417 | D:4      | Reached skill level 1 in Invocations
  7417 | D:4      | Reached XP level 8. HP: 41/41 MP: 14/16
  7505 | D:5      | Noticed Sigmund
  7507 | D:5      | Killed Sigmund
  7508 | D:5      | Reached skill level 5 in Summonings
  7882 | D:6      | Reached skill level 5 in Short Blades
  8448 | D:6      | Shot with an arrow by a centaur

Illustrated notes

Levels and vault maps discovered:
D:1:      tarquinn_simple_flora_water_e, layout_loops_ring
D:2:      layout_loops_corners, basic_ecumenical_altar, serial_shops,
          nicolae_shop_hallway_stairs, grunt_decor_mini_mirrors
D:3:      layout_basic, nicolae_yredelemnul_ghost_church, zin_angel,
          nicolae_hepliaklqana_hazy_memory, nemelex_spade_bored_becter,
          st_stairs_8
D:4:      layout_basic
D:5:      layout_cave_pools, minmay_temple_entry_sparse_star,
          kennysheep_doodads, corexii_shack, minmay_misc_feat_diagonals,
          kennysheep_boxes, uniq_sigmund
D:6:      layout_rooms
Temple:   nicolae_temple_hex_pool

Skill      XL: |  1  2  3  4  5  6  7  8 |
---------------+-------------------------+-----
Dodging        | 3 |  3.0
Spellcasting   | 3 4 5 |  5.0
Fighting       | 1 2 3 4 |  4.7
Air Magic      | 1 2 3 4 |  4.0
Short Blades   | 1 2 4 5 |  5.0
Summonings     | 4 5 |  5.8
Invocations    | 1 3 |  3.0
Stealth        | |  3.0

Action                   |  1- 3 |  4- 6 |  7- 9 || total
-------------------------+-------+-------+-------++-------
Melee: Short sword       |    29 |    42 |    50 ||   121
       Punch             |     1 |       |       ||     1
 Cast: Summon Small Mamm |    43 |    41 |    19 ||   103
       Call Imp          |    26 |    41 |    18 ||    85
       Summon Lightning  |       |       |    13 ||    13
Evoke: Wand              |       |     2 |       ||     2
  Use: Scroll            |     4 |     6 |       ||    10
       Potion            |     1 |       |     4 ||     5
 Stab: Sleeping          |     9 |     3 |     4 ||    16
       Distracted        |       |       |     3 ||     3
Armor: Robe              |     7 |     7 |    10 ||    24
       Skin              |       |       |    15 ||    15
Dodge: Dodged            |    35 |    38 |    59 ||   132

Table legend: (Time is in decaauts)
 A = Elapsed time spent in this place.
 B = Non-inter-level travel time spent in this place.
 C = Inter-level travel time spent in this place.
 D = Time resting spent in this place.
 E = Time spent auto-exploring this place.
 F = Levels seen in this place.
 G = Mean time per level.
                   A        B        C        D        E       F      G
               +--------+--------+--------+--------+--------+-----+--------+
         Total |   6485 |   6229 |    256 |   2236 |   2411 |   7 |  926.4 |
       Dungeon |   6461 |   6218 |    243 |   2236 |   2411 |   6 | 1076.8 |
        Temple |     24 |     11 |     13 |      0 |      0 |   1 |   24.0 |
               +--------+--------+--------+--------+--------+-----+--------+

Top non-repeatable levels by time:
     D:4: 1644 daAuts
     D:3: 1395 daAuts
     D:2: 1161 daAuts
     D:1: 882 daAuts
     D:5: 873 daAuts
     D:6: 504 daAuts
  Temple: 24 daAuts
